 Dungeon Crawl Stone Soup version 0.21-a0-450-gd87a9b2 (webtiles) character file.

32 slep the Skirmisher (level 3, 0/29 HPs)
             Began as a Demonspawn Monk on Nov 19, 2017.
             Slain by a hound (3 damage)
             ... on level 2 of the Dungeon.
             The game lasted 00:03:51 (530 turns).

slep the Skirmisher (Demonspawn Monk)                Turns: 530, Time: 00:03:51

Health: 0/29       AC:  6    Str: 11    XL:     3   Next: 8%
Magic:  3/3        EV: 13    Int: 11    God:
Gold:   0          SH:  0    Dex: 16    Spells: 2/2 levels left

rFire    . . .     SeeInvis .   a - +0 falchion
rCold    . . .     Gourm    .   (no shield)
rNeg     . . .     Faith    .   b - +0 robe
rPois    .         Spirit   .   (no helmet)
rElec    .         Reflect  .   (no cloak)
rCorr    .         Harm     .   (no gloves)
MR       .....                  (no boots)
Stlth    ++........             (no amulet)
HPRegen  0.09/turn              g - -2 ring of protection (curse)
MPRegen  0.08/turn              (no ring)

@: sanguine armour, flying
A: sanguine armour 1
a: no special abilities


You were on level 2 of the Dungeon.
You were not hungry.

You visited 1 branch of the dungeon, and saw 2 of its levels.

Inventory:

Hand Weapons
 a - a +0 falchion (weapon)
Armour
 b - a +0 robe (worn)
Jewellery
 g - a cursed -2 ring of protection (left hand)
Scrolls
 e - a scroll of noise {unknown}
 h - a scroll of teleportation {unknown}
Potions
 d - a potion of flight
Comestibles
 c - a bread ration
 i - a fruit


   Skills:
 + Level 3.3 Fighting
 + Level 3.2 Long Blades
 + Level 3.1 Dodging
 + Level 1.8 Stealth


You had 2 spell levels left.
You didn't know any spells.

Dungeon Overview and Level Annotations

Branches:
Dungeon (2/15)

Altars:
Makhleb
Yredelemnul

Annotations:
D:2 Terence


Innate Abilities, Weirdness & Mutations

When seriously injured, your bleeding wounds create armour. (AC +6)


Message History

You riposte.
You hit the frilled lizard.
You kill the frilled lizard!
Terence the Incautious comes into view.
He is wielding a falchion.
Terence shouts!
The hound barks!
The hound bites you. Terence barely misses you. The hound bites you.
You closely miss the hound. The hound bites you.
Your blood congeals into armour.
Terence barely misses you. The hound bites you. The hound barely misses you.
It was a potion of flight.
You feel very buoyant.
You fly up into the air.
The hound bites you. x2
You barely miss the hound. The hound closely misses you. The hound bites you.
* * * LOW HITPOINT WARNING * * *
You hit the hound but do no damage. The hound closely misses you.
You barely miss the hound. The hound closely misses you.
The hound completely misses you.
You riposte.
You hit the hound but do no damage. You barely miss the hound.
The hound bites you.
You die...

........# #..
######### #..>..# #..
....#?.# #...<.# #..
#.....####.....#####..
#...._∩##....#........
. #.....#
##.#.#######.. ...
#.#.#.# #....# #..
....####...######.###
#..
..........@h@.....#
###
#..........########
########
#............#
........
#.....####.#.# .......
#..... ...... .....).
####. #.......
######.. #. #.#......
........ # ###.###.#
########. .# .#
.........


You could see Terence and a hound.

Vanquished Creatures
  A worm (D:2)
  2 dart slugs
  A ball python (D:1)
  A giant cockroach (D:2)
  2 goblins
  3 hobgoblins
  6 kobolds
  4 bats
  3 frilled lizards
  2 rats
25 creatures vanquished.

Notes
Turn   | Place    | Note
-------+----------+-------------------------------------------
     0 | D:1      | slep the Demonspawn Monk began the quest for the Orb.
     0 | D:1      | Reached XP level 1. HP: 18/18 MP: 1/1
    78 | D:1      | Gained mutation: When seriously injured, your bleeding wounds create armour. (AC +6) [demonic ancestry]
    78 | D:1      | Reached XP level 2. HP: 22/24 MP: 2/2
    99 | D:1      | You fall through a shaft!
   111 | D:2      | Found a basalt altar of Yredelemnul.
   328 | D:2      | Reached XP level 3. HP: 16/29 MP: 3/3
   513 | D:2      | Found a burning altar of Makhleb.
   520 | D:2      | Noticed Terence
   530 | D:2      | Slain by a hound

Vault maps used:
D:1:      denvon_arrival_planthouse
D:2:      lemuel_doored_altar, yredelemnul_altar_generic,
          nicolae_ashenzari_panopticon, first_bread, makhleb_heckhound_becter,
          uniq_terence, uniq_robin

Skill      XL: |  1  2 |
---------------+-------+-----
Long Blades    | 3 |  3.2
Dodging        | 3 |  3.1
Fighting       | |  3.3
Stealth        | |  1.8

Action                   || total
-------------------------++-------
Melee: Falchion          ||    88
  Use: Potion            ||     1
 Stab: Sleeping          ||     2
Armor: Robe              ||    18
Dodge: Dodged            ||    72
       Rpst.: Falchion   ||    15

Table legend:
 A = Spawn XP
 B = Non-spawn XP
 C = Spawn XP percentage of total XP
 D = Spawn monster count
 E = Non-spawn monster count
 F = Spawn count percentage of total count
 G = Total turns spent on level
                    A         B        C        D         E        F      G
               +---------+---------+-------+---------+---------+-------+---------
         Total |       0 |      46 |   0.0 |       0 |      25 |   0.0 |   530
               +---------+---------+-------+---------+---------+-------+---------
           D:1 |       0 |      16 |   0.0 |       0 |       9 |   0.0 |    99
           D:2 |       0 |      30 |   0.0 |       0 |      16 |   0.0 |   431
               +---------+---------+-------+---------+---------+-------+---------
